 Dungeon Crawl Stone Soup version 0.23.2 (webtiles) character file.

Game seed: 1975504294894270545

3028 Shannon137 the Cleaver (level 9, -6/85 HPs)
             Began as a Minotaur Berserker on Apr 12, 2019.
             Was an Elder of Trog.
             Mangled by a two-headed ogre
             ... wielding a +0 giant spiked club
              (15 damage)
             ... on level 7 of the Dungeon.
             The game lasted 00:07:38 (5913 turns).

Shannon137 the Cleaver (Minotaur Berserker)         Turns: 5913, Time: 00:07:39

Health: -6/85      AC:  9    Str: 24    XL:     9   Next: 56%
Magic:  8/8        EV:  9    Int:  4    God:    Trog [****..]
Gold:   486        SH:  0    Dex: 11    Spells: 8/8 levels left

rFire    + . .     SeeInvis .   a - +0 hand axe
rCold    + . .     Gourm    .   (no shield)
rNeg     . . .     Faith    .   j - +0 chain mail
rPois    .         Spirit   .   (helmet restricted)
rElec    .         Reflect  .   l - scarf {rC+ rF+}
rCorr    .         Harm     .   i - +0 pair of gloves
MR       .....                  (no boots)
Stlth    ..........             (no amulet)
HPRegen  0.24/turn              (no ring)
MPRegen  0.11/turn              (no ring)

@: marked, berserk cooldown, hasted and slowed
A: retaliatory headbutt, horns 2
a: Berserk, Trog's Hand, Brothers in Arms, Renounce Religion


You were on level 7 of the Dungeon.
You worshipped Trog.
Trog was greatly pleased with you.
You were not hungry.

You visited 1 branch of the dungeon, and saw 7 of its levels.

You collected 507 gold pieces.
You spent 21 gold pieces at shops.

Inventory:

Hand Weapons
 a - a +0 hand axe (weapon)
Missiles
 z - a throwing net (quivered)
Armour
 i - a +0 pair of gloves (worn)
 j - a +0 chain mail (worn)
 l - a scarf of resistance (worn)
Jewellery
 e - an uncursed ring of poison resistance {unknown}
Wands
 p - a wand of scattershot (5)
 x - a wand of random effects (23)
Scrolls
 f - 4 scrolls of remove curse
 h - 7 scrolls of teleportation
 n - a scroll of random uselessness {unknown}
 o - a scroll of fog {unknown}
 q - a scroll of noise {unknown}
 r - a scroll of enchant armour {unknown}
 t - a scroll of magic mapping {unknown}
 u - a scroll of enchant weapon {unknown}
 y - a scroll of silence {unknown}
Potions
 b - a potion of flight
 d - a potion of berserk rage {unknown}
 g - a potion of resistance
 k - 6 potions of brilliance
 m - 5 potions of curing
 s - 2 potions of haste
 w - a potion of magic
Comestibles
 c - 5 rations
 v - 2 chunks of flesh


   Skills:
 + Level 9.9 Fighting
 * Level 13.0 Axes
 - Level 2.4 Armour
 - Level 2.1 Dodging


You had 8 spell levels left.
You didn't know any spells.
Your spell library was empty.

Dungeon Overview and Level Annotations

Branches:
Dungeon (7/15)             Temple (0/1) D:5

Altars:
Ashenzari
Makhleb
Nemelex Xobeh
Qazlal
Uskayaw
Yredelemnul

Shops:
D:6 *


Innate Abilities, Weirdness & Mutations

You reflexively headbutt those who attack you in melee.
You have a pair of horns on your head.


Message History

You feel your anger nearly subside.
You are no longer berserk.
You are exhausted.
You feel yourself slow down.
A two-headed ogre comes into view.
It is wielding a +0 giant spiked club and a +0 dire flail.
The two-headed ogre hits you but does no damage.
The two-headed ogre completely misses you.
You hit the two-headed ogre but do no damage.
The two-headed ogre completely misses you.
You furiously retaliate!
You headbutt the two-headed ogre!
The two-headed ogre hits you with a +0 dire flail!
You fail to use your ability.
The two-headed ogre hits you with a +0 giant spiked club!!
The two-headed ogre hits you with a +0 dire flail.
Okay, then.
Okay, then.
You feel yourself speed up.
The two-headed ogre hits you with a +0 giant spiked club!!
* * * LOW HITPOINT WARNING * * *
The two-headed ogre hits you with a +0 dire flail!
You die...

#....... .#
#.###.###.#
#####)#.....#.#
...(([(...).>.#
#####[#.#.#..#####
#.#..........#
#.........##.#
#.#.#.###.##O#
#.#.... #.##@#
###...#.#.##.#
.....#.#.##.#
###...# #.##.#
#.#.# #.##.# #
#.#.# #.##.# #
#.##.# #.##.# #
#.##.#


You could see a two-headed ogre.

Vanquished Creatures
  Harold (D:7)
  A centaur skeleton (D:6)
  Grinder (D:5)
  Duvessa (D:5)
  An orc warrior (D:7)
  6 ogres
  A centaur (D:5)
  4 bullfrogs
  A scorpion (D:4)
  Dowan (D:5)
  A howler monkey (D:5)
  A crimson imp (D:6)
  2 jellies
  An orc priest (D:7)
  3 hounds
  Terence (D:2)
  3 iguanas
  2 orc wizards
  2 worker ants
  A hound zombie (D:6)
  8 gnolls
  7 adders
  2 oozes
  A worm (D:2)
  A dart slug (D:4)
  3 leopard geckos
  15 orcs
  12 bats
  12 giant cockroaches
  6 goblins
  5 hobgoblins
  2 jackals (D:2)
  9 kobolds
  A quokka (D:5)
  4 ball pythons
  A ball python skeleton (D:4)
  A ball python zombie (D:5)
  6 frilled lizards
  A giant cockroach zombie (D:5)
  A leopard gecko skeleton (D:4)
  2 quokka skeletons
  7 rats
142 creatures vanquished.

Notes
Turn   | Place    | Note
-------+----------+-------------------------------------------
     0 | D:1      | Shannon137 the Minotaur Berserker began the quest for the
                  | Orb.
     0 | D:1      | Reached XP level 1. HP: 19/19 MP: 0/0
   228 | D:1      | Reached skill level 4 in Axes
   251 | D:1      | Reached XP level 2. HP: 27/27 MP: 1/1
   461 | D:1      | Reached ** piety under Trog
   475 | D:1      | Reached XP level 3. HP: 19/33 MP: 2/2
   995 | D:2      | Reached skill level 5 in Axes
   998 | D:2      | Reached XP level 4. HP: 41/41 MP: 3/3
  1078 | D:2      | Noticed a bullfrog
  1089 | D:2      | Killed a bullfrog
  1089 | D:2      | Reached skill level 5 in Fighting
  1089 | D:2      | Reached skill level 6 in Axes
  1089 | D:2      | Reached XP level 5. HP: 48/48 MP: 4/4
  1138 | D:2      | Found a basalt altar of Yredelemnul.
  1300 | D:2      | Noticed Terence
  1307 | D:2      | Killed Terence
  1307 | D:2      | Reached *** piety under Trog
  1608 | D:2      | Found a sparkling altar of Nemelex Xobeh.
  2101 | D:3      | Found a burning altar of Makhleb.
  2333 | D:3      | Found a hide-covered altar of Uskayaw.
  2591 | D:3      | Reached skill level 7 in Axes
  2599 | D:3      | Reached XP level 6. HP: 56/56 MP: 5/5
  2764 | D:3      | Found a sparkling altar of Nemelex Xobeh.
  2767 | D:3      | Found a shattered altar of Ashenzari.
  2770 | D:3      | Found a stormy altar of Qazlal.
  3098 | D:4      | Reached skill level 8 in Axes
  3101 | D:4      | Reached XP level 7. HP: 63/63 MP: 6/6
  3560 | D:4      | Reached skill level 9 in Axes
  3676 | D:5      | Entered Level 5 of the Dungeon
  3902 | D:5      | Noticed Dowan
  3903 | D:5      | Noticed Duvessa
  3911 | D:5      | Killed Dowan
  3915 | D:5      | Killed Duvessa
  3937 | D:5      | Reached XP level 8. HP: 66/73 MP: 7/7
  3986 | D:5      | Found a staircase to the Ecumenical Temple.
  3996 | D:5      | Noticed Grinder
  4006 | D:5      | Killed Grinder
  4006 | D:5      | Reached skill level 10 in Axes
  4076 | D:5      | Reached **** piety under Trog
  4715 | D:6      | Reached skill level 11 in Axes
  5182 | D:6      | Found Velafus's Assorted Antiques.
  5244 | D:6      | Reached XP level 9. HP: 65/82 MP: 8/8
  5250 | D:6      | Bought an amethyst potion for 21 gold pieces
  5767 | D:7      | Reached skill level 12 in Axes
  5882 | D:7      | Noticed Harold
  5895 | D:7      | Killed Harold
  5895 | D:7      | Reached skill level 13 in Axes
  5908 | D:7      | Noticed a two-headed ogre
  5913 | D:7      | Mangled by a two-headed ogre

Skill      XL: |  1  2  3  4  5  6  7  8  9 |
---------------+----------------------------+-----
Axes           | 4 5 6 7 8 9 11 13 | 13.0
Fighting       | 4 5 6 7 8 9 |  9.9
Armour         | |  2.4
Dodging        | |  2.1

Action                   |  1- 3 |  4- 6 |  7- 9 || total
-------------------------+-------+-------+-------++-------
Melee: Hand axe          |    55 |   130 |   187 ||   372
       Headbutt          |     9 |    18 |    45 ||    72
Invok: Berserk           |     2 |     4 |     8 ||    14
  Use: Scroll            |       |     3 |     7 ||    10
       Potion            |       |       |     1 ||     1
 Stab: Sleeping          |     1 |       |       ||     1
  Eat: Chunk             |       |    11 |    14 ||    25
       Ration            |       |       |     1 ||     1
Armor: Animal skin       |     7 |       |       ||     7
       Chain mail        |     1 |    67 |    74 ||   142
Dodge: Dodged            |    41 |    55 |    59 ||   155
